[Event "German Masters Women 2018"]
[Site "Dresden"]
[Date "2018.08.02"]
[Round "1.1"]
[White "Schleining, Zoya"]
[Black "Kachiani-Gersinska, Ketino"]
[Result "1/2-1/2"]
[ECO "D03"]
[WhiteElo "2397"]
[BlackElo "2347"]
[Annotator "NA"]
[PlyCount "74"]
[EventDate "2018.08.04"]
[EventType "tourn"]
[EventCountry "GER"]
[SourceTitle "playchess.com"]
[Source "ChessBase"]
[SourceQuality "1"]
[TimeControl "40/5400+30:1800+30"]

1. d4 Nf6 2. Nf3 g6 3. Bg5 Bg7 4. Nbd2 d5 5. e3 O-O 6. Be2 Nbd7 7. Bh4 Re8 8. O-O e5 9. Nb3 Qe7 10. c3 c6 11. Rc1 h6 12. c4 exd4 13. Nbxd4 dxc4 14. Bxc4 Nb6 15. Bb3 c5 16. Nb5 Rd8 17. Qc2 c4 18. Bxc4 Bf5 19. Qb3 Nxc4 20. Rxc4 Be6 21. Qb4 Qxb4 22. Rxb4 Bxa2 23. Nc3 Be6 24. Nd4 Rd7 25. Nxe6 fxe6 26. Ra1 Rc8 27. Kf1 b6 28. Bxf6 Bxf6 29. Ne4 Bg7 30. g4 Rc2 31. Rb1 g5 32. Kg2 Rdc7 33. b3 Rd7 34. Kf3 Rf7+ 35. Kg2 Rd7 36. Kf3 Rf7+ 37. Kg2 Rd7 1/2-1/2

[Event "German Masters Women 2018"]
[Site "Dresden"]
[Date "2018.08.02"]
[Round "1.2"]
[White "Hoolt, Sarah"]
[Black "Fuchs, Judith"]
[Result "1/2-1/2"]
[ECO "B13"]
[WhiteElo "2357"]
[BlackElo "2276"]
[Annotator "NA"]
[PlyCount "82"]
[EventDate "2018.08.04"]
[EventType "tourn"]
[EventCountry "GER"]
[SourceTitle "playchess.com"]
[Source "ChessBase"]
[SourceQuality "1"]
[TimeControl "40/5400+30:1800+30"]

1. e4 c6 2. d4 d5 3. exd5 cxd5 4. c4 Nf6 5. Nc3 Nc6 6. Nf3 Bg4 7. cxd5 Nxd5 8. Qb3 Bxf3 9. gxf3 e6 10. Qxb7 Nxd4 11. Bb5+ Nxb5 12. Qc6+ Ke7 13. Qxb5 Qd7 14. Nxd5+ Qxd5 15. Bg5+ f6 16. Qxd5 exd5 17. Be3 Ke6 18. O-O-O Bb4 19. a3 Rhc8+ 20. Kb1 Bc5 21. Rhe1 Bxe3 22. Rxe3+ Kd6 23. Rde1 Rc4 24. Re7 Rh4 25. R1e6+ Kc5 26. Rxg7 Rxh2 27. Rxf6 Rxf2 28. Rxh7 Rb8 29. Rc7+ Kd4 30. Rc2 Rxc2 31. Kxc2 a5 32. Ra6 Rc8+ 33. Kd2 Rb8 34. Kc2 Rc8+ 35. Kb3 Rb8+ 36. Kc2 Rc8+ 37. Kd2 Rb8 38. Kc2 Rc8+ 39. Kb3 Rb8+ 40. Kc2 Rc8+ 41. Kd2 Ke5 1/2-1/2

[Event "German Masters Women 2018"]
[Site "Dresden"]
[Date "2018.08.02"]
[Round "1.3"]
[White "Klek, Hanna Marie"]
[Black "Sieber, Fiona"]
[Result "0-1"]
[ECO "D70"]
[WhiteElo "2268"]
[BlackElo "2290"]
[Annotator "NA"]
[PlyCount "120"]
[EventDate "2018.08.04"]
[EventType "tourn"]
[EventCountry "GER"]
[SourceTitle "playchess.com"]
[Source "ChessBase"]
[SourceQuality "1"]
[TimeControl "40/5400+30:1800+30"]

1. Nf3 Nf6 2. c4 g6 3. d4 Bg7 4. e3 d5 5. cxd5 Nxd5 6. e4 Nb6 7. a4 a5 8. Bb5+ Bd7 9. O-O O-O 10. h3 Nc6 11. Nc3 Nb4 12. Be3 Bxb5 13. axb5 Qd7 14. Qb3 e6 15. Rfd1 Nc8 16. Ne5 Qe7 17. Nc4 b6 18. Bf4 Rd8 19. Be5 Rb8 20. Rac1 Bh6 21. Ne3 Nd6 22. Rd2 Rd7 23. Qd1 Bxe3 24. Bxd6 Bxf2+ 25. Kxf2 Rxd6 26. Qf3 e5 27. Kg1 exd4 28. Ne2 Rbd8 29. Qf4 d3 30. Ng3 R8d7 31. Rf1 Re6 32. Rf3 Qc5+ 33. Kh2 Qxb5 34. Qg4 Qe5 35. Rf5 Qg7 36. Rb5 Nc6 37. Rd5 Rxd5 38. exd5 Ne5 39. Qf4 Re8 40. Ne4 f5 41. Ng5 Qd7 42. Qh4 Re7 43. Ne6 Qd6 44. Kh1 c6 45. Qf6 Rf7 46. Qd8+ Qxd8 47. Nxd8 Rc7 48. Nxc6 Nxc6 49. dxc6 Rxc6 50. Rxd3 Kf7 51. Rb3 Ke6 52. Kg1 Kd5 53. Kf2 Rc2+ 54. Kf3 Kc5 55. g4 fxg4+ 56. hxg4 b5 57. Kf4 a4 58. Rh3 Rxb2 59. Rxh7 a3 60. Ra7 Rb4+ 0-1

[Event "German Masters Women 2018"]
[Site "Dresden"]
[Date "2018.08.02"]
[Round "1.4"]
[White "Lubbe, Melanie"]
[Black "Schneider, Jana"]
[Result "1-0"]
[ECO "C07"]
[WhiteElo "2338"]
[BlackElo "2179"]
[Annotator "NA"]
[PlyCount "93"]
[EventDate "2018.08.04"]
[EventType "tourn"]
[EventCountry "GER"]
[SourceTitle "playchess.com"]
[Source "ChessBase"]
[SourceQuality "1"]
[TimeControl "40/5400+30:1800+30"]

1. e4 e6 2. d4 d5 3. Nd2 c5 4. exd5 Qxd5 5. dxc5 Qxc5 6. Ngf3 Nf6 7. Bd3 Bd6 8. Qe2 O-O 9. Ne4 Nxe4 10. Qxe4 f5 11. Qc4 Nc6 12. Be3 Qxc4 13. Bxc4 Na5 14. Be2 e5 15. O-O-O Bc7 16. Bc5 Rf6 17. Be7 e4 18. Nd4 Rg6 19. g3 a6 20. h4 f4 21. h5 Rb6 22. gxf4 Bxf4+ 23. Kb1 Be5 24. Bd8 Rd6 25. Bc7 Rd5 26. Bxa5 Rxd4 27. Bc3 Rxd1+ 28. Rxd1 Bxc3 29. Rd8+ Kf7 30. bxc3 Ke7 31. Rg8 Kf7 32. Bc4+ Kf6 33. Bd5 Ke5 34. c4 g6 35. hxg6 hxg6 36. Re8+ Kf4 37. Bxe4 g5 38. Bd5 g4 39. Kb2 Kf5 40. Kc3 Kf6 41. Kd4 Kf5 42. c5 Kf6 43. a3 Kg5 44. Ke5 Kg6 45. c4 Kg5 46. Rg8+ Kh4 47. Kd6 1-0

[Event "German Masters Women 2018"]
[Site "Dresden"]
[Date "2018.08.02"]
[Round "1.5"]
[White "Heinemann, Josefine"]
[Black "Osmanodja, Filiz"]
[Result "1-0"]
[ECO "A61"]
[WhiteElo "2261"]
[BlackElo "2350"]
[Annotator "NA"]
[PlyCount "85"]
[EventDate "2018.08.04"]
[EventType "tourn"]
[EventCountry "GER"]
[SourceTitle "playchess.com"]
[Source "ChessBase"]
[SourceQuality "1"]
[TimeControl "40/5400+30:1800+30"]

1. d4 Nf6 2. c4 e6 3. Nf3 c5 4. d5 exd5 5. cxd5 d6 6. Nc3 g6 7. Qa4+ Bd7 8. Qb3 Bc8 9. h3 Bg7 10. Bf4 O-O 11. e3 Na6 12. Be2 Nc7 13. a4 Re8 14. Nd2 h6 15. O-O Bf5 16. Nc4 Nfxd5 17. Nxd5 Nxd5 18. Bxd6 Qg5 19. h4 Qxh4 20. Bg3 Qg5 21. Nd6 Be6 22. Nxe8 Rxe8 23. Qb5 Rc8 24. Kh2 b6 25. Bc4 Qh5+ 26. Kg1 Qg4 27. Rac1 h5 28. Qb3 h4 29. Bxh4 Qxh4 30. Bxd5 c4 31. Qb5 Bxd5 32. Qxd5 Bxb2 33. Rc2 Bf6 34. g3 Qg4 35. Kg2 Qe6 36. Qxe6 fxe6 37. Rd1 Rc7 38. f4 Kf7 39. e4 c3 40. Rd3 Rc4 41. e5 Be7 42. Rcxc3 Rxc3 43. Rxc3 1-0

[Event "German Masters Women 2018"]
[Site "Dresden"]
[Date "2018.08.03"]
[Round "2.1"]
[White "Kachiani-Gersinska, Ketino"]
[Black "Osmanodja, Filiz"]
[Result "0-1"]
[ECO "A08"]
[WhiteElo "2347"]
[BlackElo "2350"]
[Annotator "NA"]
[PlyCount "130"]
[EventDate "2018.08.04"]
[EventType "tourn"]
[EventCountry "GER"]
[SourceTitle "playchess.com"]
[Source "ChessBase"]
[SourceQuality "1"]
[TimeControl "40/5400+30:1800+30"]

1. Nf3 c5 2. g3 Nc6 3. Bg2 d5 4. d3 e5 5. O-O Nf6 6. Nbd2 Bf5 7. Nh4 Bg4 8. h3 Be6 9. e4 Qd7 10. exd5 Nxd5 11. Kh2 Be7 12. Nhf3 O-O 13. Re1 f6 14. Nc4 Rad8 15. Bd2 b5 16. Na5 Nd4 ({Black should try} 16... Nxa5 $15 17. Bxa5 Rc8) 17. c3 $17 (17. c4 $11 bxc4 18. dxc4) 17... Nf5 18. a4 b4 19. Qe2 Nb6 20. g4 Nh6 21. d4 cxd4 22. cxd4 Nf7 23. dxe5 fxe5 24. Qb5 Bd5 25. Qxd7 Rxd7 26. Be3 b3 27. Rec1 Bb4 28. Nc6 Bxc6 29. Rxc6 e4 30. Nd4 Ne5 31. Re6 Nd3 32. Nf5 Nc4 33. Rxe4 Ncxb2 34. Rb1 Bc3 35. Bd4 Rxf5 36. Bxc3 Rxf2 37. Kg1 Rc2 38. Bd4 h6 39. a5 a6 40. Bf1 Rc4 41. Re6 Rdxd4 42. Rxa6 Rc1 43. Ra8+ Kh7 44. Rxc1 Nxc1 45. a6 Nbd3 46. Rb8 b2 47. Bg2 Ra4 48. h4 Rxa6 49. Be4+ g6 50. h5 Kg7 51. Rb7+ Kf6 52. hxg6 Ra7 53. g5+ hxg5 54. g7 b1=Q 55. g8=N+ Ke5 56. Rxb1 Kxe4 57. Rb5 Ne2+ 58. Kf1 Nef4 59. Kg1 Ra1+ 60. Kh2 Ra2+ 61. Kg1 Rg2+ 62. Kf1 Rf2+ 63. Kg1 Ne2+ 64. Kh1 Ng3+ 65. Kg1 Kf3 0-1

[Event "German Masters Women 2018"]
[Site "Dresden"]
[Date "2018.08.03"]
[Round "2.2"]
[White "Schneider, Jana"]
[Black "Heinemann, Josefine"]
[Result "1/2-1/2"]
[ECO "B90"]
[WhiteElo "2179"]
[BlackElo "2261"]
[Annotator "NA"]
[PlyCount "148"]
[EventDate "2018.08.04"]
[EventType "tourn"]
[EventCountry "GER"]
[SourceTitle "playchess.com"]
[Source "ChessBase"]
[SourceQuality "1"]
[TimeControl "40/5400+30:1800+30"]

1. e4 c5 2. Nf3 d6 3. d4 cxd4 4. Nxd4 Nf6 5. Nc3 a6 6. Be3 e5 7. Nf3 Be7 8. Bc4 O-O 9. O-O Qc7 10. Bb3 Be6 11. Nh4 {[%emt 1:32:45] B90: Sicilian Najdorf: Unusual White 6th moves, 6 Be3 Ng4 and 6 Be3 e5} g6 12. Bh6 (12. Nf3 Re8 13. Ng5 Bc4 14. Re1 Nbd7 15. a4 Qc6 16. Bxc4 Qxc4 17. a5 Qc6 18. Qd3 Rac8 {½-½ (48) Sjugirov,S (2652)-Wojtaszek,R (2738) Batumi 2018}) 12... Re8 13. Qd2 Ng4 14. Bg5 Bxg5 15. Qxg5 Qd8 16. Nf3 Qxg5 17. Nxg5 Nc6 18. Nd5 Bxd5 19. Bxd5 Re7 $146 20. Rad1 Rd8 21. c3 Nf6 22. Nf3 Rc8 23. Rd3 $11 Ne8 24. Nd2 b5 25. Rd1 Rec7 26. Nf1 Ne7 27. Bb3 Kg7 28. Ne3 Rb8 29. a3 a5 30. Nc2 Nc8 31. Ne3 Nb6 32. Nd5 Nxd5 33. Bxd5 Nf6 34. f3 Rb6 35. Bb3 Rcc6 36. Bd5 Nxd5 37. Rxd5 Kf6 38. Kf2 Ke6 39. Ke3 b4 40. cxb4 axb4 41. a4 b3 42. a5 Ra6 43. R1d3 Rc5 44. Rxc5 dxc5 45. Rxb3 Rxa5 46. Rb6+ Ke7 47. Kd3 Ra1 48. Kc4 Rg1 49. g4 Rh1 50. Kxc5 Rxh2 51. b4 Rf2 52. Rb7+ Ke6 53. b5 Rxf3 54. Rb8 Kf6 55. Re8 Rc3+ 56. Kd6 Rd3+ 57. Kc7 Rc3+ 58. Kb7 Rg3 59. b6 Rxg4 60. Kc6 Rxe4 61. Kc5 Re1 62. b7 Rb1 63. b8=Q Rxb8 64. Rxb8 h5 65. Kc4 Kf5 66. Rf8 h4 67. Rxf7+ Kg4 68. Kd3 h3 69. Ke4 g5 70. Rh7 Kg3 71. Kxe5 Kg2 72. Kf5 h2 73. Kxg5 h1=Q 74. Rxh1 Kxh1 1/2-1/2

[Event "German Masters Women 2018"]
[Site "Dresden"]
[Date "2018.08.03"]
[Round "2.3"]
[White "Sieber, Fiona"]
[Black "Lubbe, Melanie"]
[Result "1-0"]
[ECO "B45"]
[WhiteElo "2290"]
[BlackElo "2338"]
[Annotator "NA"]
[PlyCount "99"]
[EventDate "2018.08.04"]
[EventType "tourn"]
[EventCountry "GER"]
[SourceTitle "playchess.com"]
[Source "ChessBase"]
[SourceQuality "1"]
[TimeControl "40/5400+30:1800+30"]

1. e4 c5 2. Nf3 e6 3. d4 cxd4 4. Nxd4 Nf6 5. Nc3 Nc6 6. Ndb5 Bc5 7. Bf4 O-O {[%emt 1:32:28] B45: Sizilianisch (Klassisches System)} 8. Bc7 Qe7 9. Bd6 Bxd6 10. Qxd6 Qd8 11. O-O-O (11. Qd2 a6 12. Nd6 b5 13. a4 b4 14. Nd1 b3 15. c3 {½-½ (35) Deac,B (2572)-Motylev,A (2669) Batumi 2018}) 11... a6 12. Nd4 Qb6 13. Nxc6 bxc6 14. f3 Ne8 15. Qd4 {[%emt 1:29:07] [#]} Qc7 $146 16. e5 c5 17. Qe3 Bb7 18. f4 d5 19. exd6 Nxd6 20. Qe5 Rfd8 21. Bd3 Qb6 22. Na4 Qb4 $11 23. Nxc5 Bd5 24. Nb3 a5 25. Kb1 a4 26. Qd4 Rab8 27. c3 Qxd4 28. Nxd4 Bxg2 29. Rhe1 g6 30. Rd2 Bd5 31. Nc2 Ne4 32. Bxe4 Bxe4 33. Red1 Rd5 34. Rxd5 exd5 35. Kc1 Kg7 36. Rd4 Rb6 37. Ne3 a3 38. b4 Rf6 39. b5 g5 40. f5 Rh6 41. c4 Rxh2 42. cxd5 Rh1+ 43. Kd2 Rh2+ 44. Kc3 Bxd5 45. Nxd5 Rxa2 46. b6 Ra1 47. Kb3 h5 48. Rb4 a2 49. b7 Rd1 50. Kxa2 1-0

[Event "German Masters Women 2018"]
[Site "Dresden"]
[Date "2018.08.03"]
[Round "2.4"]
[White "Fuchs, Judith"]
[Black "Klek, Hanna Marie"]
[Result "0-1"]
[ECO "C45"]
[WhiteElo "2276"]
[BlackElo "2268"]
[Annotator "NA"]
[PlyCount "44"]
[EventDate "2018.08.04"]
[EventType "tourn"]
[EventCountry "GER"]
[SourceTitle "playchess.com"]
[Source "ChessBase"]
[SourceQuality "1"]
[TimeControl "40/5400+30:1800+30"]

1. e4 e5 2. Nf3 Nc6 3. d4 exd4 4. Nxd4 Qf6 5. Nb3 Qg6 6. Qe2 Nf6 7. f3 a5 8. a4 Be7 9. Nc3 O-O 10. Nb5 d5 11. Nxc7 dxe4 12. Be3 Rb8 13. O-O-O Bf5 14. Qf2 (14. Qc4 $142) 14... Rbc8 15. Bb6 {[%emt 0:23:43] [#]} (15. g4 $142 Bxg4 16. Rg1 exf3 17. Bd3) 15... e3 $19 16. Qe2 Bd8 17. g4 Bd7 18. Nd5 Nxd5 19. Rxd5 Nb4 20. Bc5 Nxd5 21. Bxf8 Kxf8 22. Qd1 Nb4 0-1

[Event "German Masters Women 2018"]
[Site "Dresden"]
[Date "2018.08.03"]
[Round "2.5"]
[White "Schleining, Zoya"]
[Black "Hoolt, Sarah"]
[Result "1/2-1/2"]
[ECO "D53"]
[WhiteElo "2397"]
[BlackElo "2357"]
[Annotator "NA"]
[PlyCount "111"]
[EventDate "2018.08.04"]
[EventType "tourn"]
[EventCountry "GER"]
[SourceTitle "playchess.com"]
[Source "ChessBase"]
[SourceQuality "1"]
[TimeControl "40/5400+30:1800+30"]

1. Nf3 Nf6 2. c4 e6 3. d4 d5 4. Bg5 c6 5. e3 Nbd7 6. Nc3 h6 7. Bh4 Be7 8. Qc2 a6 9. Rd1 b5 10. c5 a5 11. a3 b4 12. Na4 O-O $11 13. Bd3 Ba6 14. O-O Ne4 15. Bxa6 Rxa6 16. Bg3 Nxg3 17. hxg3 Qb8 18. axb4 Qxb4 19. Ra1 Rb8 20. Rfc1 Qb7 21. Ra3 Ra7 22. Rca1 Qc7 23. R1a2 Bd8 24. Rb3 Rxb3 25. Qxb3 Rb7 26. Qc3 Rb4 27. b3 Qb8 28. Ra3 Bc7 29. Qc2 g6 30. Nb2 e5 31. Nd3 e4 32. Nxb4 axb4 33. Ra6 exf3 34. Qa2 Qc8 35. gxf3 Nb8 36. Ra7 h5 37. Kg2 g5 38. Qa4 h4 39. Qxb4 g4 40. fxg4 hxg3 41. Qb7 Qxg4 42. Qxc7 Qe4+ 43. Kxg3 Qg6+ 44. Kh2 Qh7+ 45. Kg2 Qe4+ 46. f3 Qc2+ 47. Kg1 Qb1+ 48. Kf2 Qc2+ 49. Ke1 Qc1+ 50. Ke2 Qc2+ 51. Kf1 Qb1+ 52. Kg2 Qc2+ 53. Kh1 Qb1+ 54. Kg2 Qc2+ 55. Kh3 Qh7+ 56. Kg2 1/2-1/2

[Event "German Masters Women 2018"]
[Site "Dresden"]
[Date "2018.08.06"]
[Round "3.2"]
[White "Klek, Hanna Marie"]
[Black "Schleining, Zoya"]
[Result "1-0"]
[ECO "B12"]
[WhiteElo "2268"]
[BlackElo "2397"]
[Annotator "NA"]
[PlyCount "131"]
[EventDate "2018.08.04"]
[EventType "tourn"]
[EventCountry "GER"]
[SourceTitle "playchess.com"]
[Source "ChessBase"]
[SourceQuality "1"]
[TimeControl "40/5400+30:1800+30"]

1. e4 c6 2. d4 d5 3. e5 Bf5 4. h4 h5 5. Bd3 {[%emt 1:32:08] LiveBook: 326 Games} Bxd3 6. Qxd3 e6 7. Bg5 Be7 8. Nf3 Nh6 9. Nc3 Nf5 10. Bxe7 Qxe7 11. g3 Nd7 12. O-O O-O-O 13. Ne2 Kb8 14. Nf4 Nf8 15. c4 $11 dxc4 16. Qxc4 Ng6 17. Nxg6 fxg6 18. Rfd1 Rd5 19. b4 Rhd8 20. Rd3 Qd7 21. Rad1 Ka8 22. Qc3 Kb8 23. Qd2 Qe7 24. Kg2 R8d7 25. a3 Rd8 26. Qf4 R8d7 27. Ng1 a5 28. Ne2 axb4 29. axb4 Qxb4 30. Qg5 Qe7 31. Qxg6 c5 32. Qxh5 cxd4 33. Qf3 g5 34. hxg5 Qxg5 35. Rh1 Qg7 36. Nf4 Rxe5 37. Nxe6 Rxe6 38. Qxf5 Red6 39. Rh4 Qe7 40. Qc5 Qd8 41. Qe5 Qc7 42. Rh8+ Rd8 43. Rxd4 Rxd4 44. Qxd4 Qc6+ 45. Kh2 Rxh8+ 46. Qxh8+ Ka7 47. Qd4+ Ka6 48. g4 Qh6+ 49. Kg3 b5 50. f4 Ka5 51. f5 Qc1 52. f6 Qc7+ 53. Qf4 Qc3+ 54. Kh4 b4 55. f7 Qh8+ 56. Kg3 Qf8 57. Qe5+ Kb6 58. Qe6+ Kc7 59. g5 Kd8 60. Qf6+ Kd7 61. g6 b3 62. g7 Qb8+ 63. Qf4 Qxf4+ 64. Kxf4 b2 65. f8=Q b1=Q 66. Qf5+ 1-0

[Event "German Masters Women 2018"]
[Site "Dresden"]
[Date "2018.08.06"]
[Round "3.3"]
[White "Lubbe, Melanie"]
[Black "Fuchs, Judith"]
[Result "1/2-1/2"]
[ECO "A13"]
[WhiteElo "2338"]
[BlackElo "2276"]
[Annotator "NA"]
[PlyCount "71"]
[EventDate "2018.08.04"]
[EventType "tourn"]
[EventCountry "GER"]
[SourceTitle "playchess.com"]
[Source "ChessBase"]
[SourceQuality "1"]
[TimeControl "40/5400+30:1800+30"]

1. Nf3 Nf6 2. b3 e6 3. Bb2 Be7 4. e3 c5 5. Be2 O-O 6. O-O Nc6 7. c4 d5 8. cxd5 Nxd5 9. d4 cxd4 10. Nxd4 Nxd4 11. Bxd4 Bd7 12. Nd2 $11 Bf6 13. Ne4 Bxd4 14. Qxd4 Bc6 15. Rfd1 Qe7 16. Rd2 Rfc8 17. Rad1 h6 18. Qe5 Rd8 19. Ng3 Re8 20. h3 Qf6 21. Qxf6 Nxf6 22. Bc4 Kf8 23. Ne2 Ne4 24. Rc2 Red8 25. Rxd8+ Rxd8 26. Nd4 Be8 27. Bd3 Nd6 28. f4 Rc8 29. Rd2 Ke7 30. Kf2 f6 31. g4 g5 32. Kf3 Rc3 33. Ne2 Rc8 34. Nd4 Rc3 35. Ne2 Rc8 36. Nd4 1/2-1/2

[Event "German Masters Women 2018"]
[Site "Dresden"]
[Date "2018.08.06"]
[Round "3.4"]
[White "Heinemann, Josefine"]
[Black "Sieber, Fiona"]
[Result "1-0"]
[ECO "A13"]
[WhiteElo "2261"]
[BlackElo "2290"]
[Annotator "NA"]
[PlyCount "115"]
[EventDate "2018.08.04"]
[EventType "tourn"]
[EventCountry "GER"]
[SourceTitle "playchess.com"]
[Source "ChessBase"]
[SourceQuality "1"]
[TimeControl "40/5400+30:1800+30"]

1. Nf3 Nf6 2. c4 e6 3. Nc3 d5 4. e3 c5 5. cxd5 Nxd5 6. Nxd5 Qxd5 {[%emt 1:22:48] LiveBook: 8 Games} 7. b3 Be7 8. Bb2 O-O 9. Bc4 Qd7 10. Ne5 Qc7 11. O-O Bf6 $14 12. d4 Nc6 13. Nxc6 Qxc6 14. d5 exd5 15. Bxd5 Qb6 16. Bxf6 Qxf6 17. Qc2 Qe7 18. Rac1 Be6 19. Bxe6 fxe6 20. Qxc5 Qxc5 21. Rxc5 Rac8 22. Rfc1 Rxc5 23. Rxc5 Rd8 24. g4 Rd2 25. a4 b6 26. Rc4 Rb2 27. b4 a6 28. Kg2 Kf7 29. h4 Ra2 30. Rc6 Rxa4 31. Rxb6 a5 32. bxa5 Rxg4+ 33. Kh3 Ra4 34. a6 Kf6 35. Kg3 Kf5 36. f3 h6 37. e4+ Kf6 38. h5 Ra5 39. f4 Ra4 40. f5 Kg5 41. fxe6 Ra3+ 42. Kf2 Kf6 43. e5+ Ke7 44. Rb7+ Kxe6 45. Rxg7 Kxe5 46. Rg6 Kf4 47. Ke2 Ra5 48. Rxh6 Kg5 49. Rc6 Kxh5 50. Kd3 Ra4 51. Kc3 Kg5 52. Kb3 Ra1 53. Kb4 Kf4 54. Kc5 Ke5 55. Kb6 Kd5 56. Kb7 Ra2 57. Rb6 Rh2 58. a7 1-0

[Event "German Masters Women 2018"]
[Site "Dresden"]
[Date "2018.08.06"]
[Round "3.5"]
[White "Osmanodja, Filiz"]
[Black "Schneider, Jana"]
[Result "1/2-1/2"]
[ECO "C96"]
[WhiteElo "2350"]
[BlackElo "2179"]
[Annotator "NA"]
[PlyCount "83"]
[EventDate "2018.08.04"]
[EventType "tourn"]
[EventCountry "GER"]
[SourceTitle "playchess.com"]
[Source "ChessBase"]
[SourceQuality "1"]
[TimeControl "40/5400+30:1800+30"]

1. e4 e5 2. Nf3 Nc6 3. Bb5 a6 4. Ba4 Nf6 5. O-O Be7 {[%emt 1:31:08] LiveBook: 35970 Games} 6. Re1 b5 7. Bb3 d6 8. c3 O-O 9. h3 Na5 10. Bc2 c5 11. d4 Nd7 12. a4 exd4 {[%emt 1:32:10] C96: Closed Ruy Lopez: Chigorin Defence: 11 d4, replies other than 11...Qc7} (12... b4 13. Nbd2 Rb8 14. Nf1 b3 15. Bd3 exd4 16. cxd4 c4 17. Be2 c3 18. Ng3 Nf6 19. Bd3 Nc6 20. d5 {0-1 (37) Quesada Perez,Y (2627)-Caruana,F (2811) chess.com INT 2018}) 13. cxd4 b4 14. b3 Bb7 15. Nbd2 $146 ({Predecessor:} 15. Be3 Re8 16. Nbd2 Rc8 17. Bd3 cxd4 18. Bxd4 Bf6 19. Bxf6 Qxf6 20. Qb1 h6 21. Nc4 Nxc4 22. Bxc4 Nc5 {½-½ (22) Wetjen,A (1998)-Schuetze,M (1631) Binz 2014}) 15... Rc8 16. Bb2 Re8 17. Rc1 $11 Bf6 18. e5 Be7 19. Bf5 Bd5 20. Nc4 Nxc4 21. bxc4 Be6 22. Be4 cxd4 23. exd6 Bxd6 24. Qxd4 Bf8 25. Bb7 Rb8 26. Bxa6 Nc5 27. Bb5 Nb3 28. Qxd8 Rexd8 29. Rcd1 Na5 30. Ne5 Rxd1 31. Rxd1 Rc8 32. Rd4 f6 33. Nd7 Nxc4 34. Bxc4 Rxc4 35. Nxf8 Kxf8 36. a5 Rc5 37. a6 Ra5 38. Rxb4 Rxa6 39. Rb7 Bd5 40. Rd7 Be6 41. Rc7 Ra4 42. Bc3 1/2-1/2

[Event "German Masters Women 2018"]
[Site "Dresden"]
[Date "2018.08.07"]
[Round "4.1"]
[White "Kachiani-Gersinska, Ketino"]
[Black "Schneider, Jana"]
[Result "0-1"]
[ECO "D02"]
[WhiteElo "2347"]
[BlackElo "2179"]
[Annotator "NA"]
[PlyCount "76"]
[EventDate "2018.08.04"]
[EventType "tourn"]
[EventCountry "GER"]
[SourceTitle "playchess.com"]
[Source "ChessBase"]
[SourceQuality "1"]
[TimeControl "40/5400+30:1800+30"]

1. Nf3 d5 2. g3 Nd7 3. d4 Ngf6 4. Bg2 b5 5. Bg5 e6 6. Nbd2 Bb7 7. a4 b4 8. a5 Ba6 9. O-O Be7 10. Re1 O-O 11. e4 h6 $14 12. exd5 Nxd5 13. Bxe7 Nxe7 14. Ne4 Rc8 15. Ne5 Nxe5 16. dxe5 Qxd1 17. Raxd1 Rfd8 18. Nc5 Bb5 19. Bb7 Rb8 20. f4 Nc6 21. a6 Nd4 22. Be4 Kf8 23. Kf2 Ke7 24. Nb7 Rd7 25. Nc5 Rdd8 26. g4 Rb6 27. Ke3 Nc6 28. Rxd8 Nxd8 29. Rd1 Ke8 30. f5 Nc6 31. f6 g5 32. Nb7 Kf8 33. Rd7 Nxe5 34. Rxc7 Nxg4+ 35. Kf3 Nxf6 36. Nd8 Nd7 37. Rxa7 Rxa6 38. Rb7 Rb6 0-1

[Event "German Masters Women 2018"]
[Site "Dresden"]
[Date "2018.08.07"]
[Round "4.2"]
[White "Sieber, Fiona"]
[Black "Osmanodja, Filiz"]
[Result "1-0"]
[ECO "C95"]
[WhiteElo "2290"]
[BlackElo "2350"]
[Annotator "NA"]
[PlyCount "89"]
[EventDate "2018.08.04"]
[EventType "tourn"]
[EventCountry "GER"]
[SourceTitle "playchess.com"]
[Source "ChessBase"]
[SourceQuality "1"]
[TimeControl "40/5400+30:1800+30"]

1. e4 e5 2. Nf3 Nc6 3. Bb5 a6 4. Ba4 Nf6 5. O-O Be7 6. Re1 b5 7. Bb3 d6 8. c3 O-O 9. h3 Nb8 10. d4 Nbd7 11. Nbd2 Bb7 12. Bc2 Re8 13. Nf1 Bf8 14. Ng3 g6 15. a4 Bg7 16. Bd3 c6 17. Be3 Qc7 18. Qd2 Nf8 19. Bh6 Ne6 20. Bc2 Rad8 21. axb5 axb5 22. Bb3 Bc8 $14 23. Qe3 c5 24. d5 Nf8 25. Bd1 Bd7 26. Bxg7 Kxg7 27. b4 h6 28. Be2 Ra8 29. bxc5 dxc5 30. Reb1 Ra4 31. Bd1 Ra7 32. Rxa7 Qxa7 33. Be2 Qa2 34. Qc1 Nxe4 35. Nxe4 Qxe2 36. Nd6 e4 37. Nxe8+ Bxe8 38. Ne5 Qa2 39. Ng4 g5 40. Ne3 Bd7 41. Ra1 Qe2 42. Qa3 Ng6 43. Qxc5 Bxh3 44. Qd4+ Kh7 45. Qf6 1-0

[Event "German Masters Women 2018"]
[Site "Dresden"]
[Date "2018.08.07"]
[Round "4.3"]
[White "Fuchs, Judith"]
[Black "Heinemann, Josefine"]
[Result "1/2-1/2"]
[ECO "C47"]
[WhiteElo "2276"]
[BlackElo "2261"]
[Annotator "NA"]
[PlyCount "63"]
[EventDate "2018.08.04"]
[EventType "tourn"]
[EventCountry "GER"]
[SourceTitle "playchess.com"]
[Source "ChessBase"]
[SourceQuality "1"]
[TimeControl "40/5400+30:1800+30"]

1. e4 e5 2. Nf3 Nc6 3. d4 exd4 4. Nxd4 Nf6 5. Nc3 Bb4 6. Nxc6 bxc6 7. Bd3 d5 8. exd5 cxd5 9. O-O O-O 10. h3 Bd6 11. Qf3 c6 12. Re1 Rb8 $11 13. Rb1 Be6 14. Bg5 h6 15. Bxf6 Qxf6 16. Qxf6 gxf6 17. Nd1 Rb6 18. b3 a5 19. Ne3 c5 20. c4 d4 21. Nd5 Bxd5 22. cxd5 a4 23. Bc4 axb3 24. axb3 Ra8 25. Ra1 Rbb8 26. g3 Kg7 27. Kg2 Rd8 28. Kf3 f5 29. Kg2 Kf6 30. Kf3 Kg7 31. Kg2 Kf6 32. Kf3 1/2-1/2

[Event "German Masters Women 2018"]
[Site "Dresden"]
[Date "2018.08.07"]
[Round "4.4"]
[White "Schleining, Zoya"]
[Black "Lubbe, Melanie"]
[Result "0-1"]
[ECO "A45"]
[WhiteElo "2397"]
[BlackElo "2338"]
[Annotator "NA"]
[PlyCount "138"]
[EventDate "2018.08.04"]
[EventType "tourn"]
[EventCountry "GER"]
[SourceTitle "playchess.com"]
[Source "ChessBase"]
[SourceQuality "1"]
[TimeControl "40/5400+30:1800+30"]

1. d4 Nf6 2. Bg5 e6 3. Nd2 h6 4. Bh4 c5 5. e4 d5 6. e5 g5 7. Bg3 Nfd7 8. c3 Nc6 9. Ne2 b6 $11 10. h4 g4 11. Nb3 h5 12. Nf4 cxd4 13. Bb5 Bb7 14. cxd4 Bb4+ 15. Kf1 a6 16. Bd3 a5 17. a4 Be7 18. Rc1 Nb4 19. Bb5 Ba6 20. Bxa6 Rxa6 21. f3 Nb8 22. fxg4 hxg4 23. Qxg4 Kd7 24. Qe2 N8c6 25. Qb5 Ra8 26. Be1 Rc8 27. Bxb4 Bxb4 28. g3 Qg8 29. Kf2 Qh7 30. Rhf1 Qf5 31. Qd3 Qg4 32. Qf3 Qf5 33. g4 Qh7 34. h5 Kc7 35. Qd3 Qg7 36. Kf3 Kb7 37. Rg1 Qg5 38. Na1 Bf8 39. Nc2 Bh6 40. Ne2 f6 41. Rcf1 fxe5 42. Kg3 e4 43. Qd1 Bf8 44. Rf7+ Rc7 45. Rxc7+ Kxc7 46. Kh3 Be7 47. Nc3 Rf8 48. Qe1 Kb7 49. Nb5 e5 50. Rg3 Rf4 51. dxe5 Nxe5 52. Qc3 Qh4+ 53. Kg2 Bc5 54. Ne3 Nf3 55. Qg7+ Be7 56. Kf2 Nd4+ 57. Kg2 Nf3 58. Kf2 Nd4+ 59. Kg2 Ne2 60. Nf5 Rxf5 61. gxf5 Nf4+ 62. Kf2 Nxh5 63. Qg4 Qxg3+ 64. Qxg3 Nxg3 65. Kxg3 Bf6 66. b3 Kc6 67. Kf4 Kc5 68. Nc7 Kd4 69. Kg3 Be5+ 0-1